 Dungeon Crawl Stone Soup version 0.30-a0-778-g2ef04afb54 (webtiles) character file.

Game seed: 8290500353026845515

182 dolemite99 the Magician (level 5, -1/40 HPs)
             Began as a Djinni Fire Elementalist on Feb 17, 2023.
             Was a Believer of Fedhas.
             Slain by a gnoll
             ... wielding a +0 halberd
              (12 damage)
             ... on level 4 of the Dungeon.
             The game lasted 00:04:00 (2976 turns).

dolemite99 the Magician (Djinni Fire Elementalist)  Turns: 2976, Time: 00:04:00

Health: -1/40      AC:  2    Str:  7    XL:     5   Next: 93%
Gold:   129        EV: 12    Int: 19    God:    Fedhas [**....] SH:  0 Dex: 13

rFire   + + .      SeeInvis .    r - staff of cold
rCold   . . .      Faith    .    (no shield)
rNeg    . . .      Spirit   .    a - +0 robe
rPois   ∞          Reflect  .    (no helmet)
rElec   .          Harm     .    (no cloak)
rCorr   .          Rampage  .    (no gloves)
Will    .....                    (boots unavailable)
Stlth   ++                       (no amulet)
HPRegen 0.26/turn                (no ring)
MPRegen 0.00/turn                (no ring)

@: flying
A: sickness immunity, fire resistance 2, cold vulnerability 1, float, innate
caster, HP casting, extra vitality 1
a: Renounce Religion, Wall of Briars


You were on level 4 of the Dungeon.
You worshipped Fedhas.
Fedhas was pleased with you.
You visited 1 branch of the dungeon, and saw 4 of its levels.

You collected 129 gold pieces.

Inventory:

Hand Weapons
 b - a +0 long sword
 m - a +0 dagger of venom
Missiles
 i - 5 boomerangs
 s - 4 datura-tipped darts
Armour
 a - a +0 robe (worn)
Magical Staves
 r - a staff of cold (weapon)
Scrolls
 c - a scroll of noise {unknown}
 d - 2 scrolls of identify {unknown}
 e - a scroll of fog {unknown}
 j - a scroll of enchant weapon {unknown}
 k - 2 scrolls of magic mapping {unknown}
 n - a scroll of teleportation {unknown}
 q - a scroll of amnesia {unknown}
Potions
 f - a potion of brilliance {unknown}
 g - a potion of mutation {unknown}
 h - a potion of curing
 l - a potion of invisibility {unknown}
 o - a potion of resistance {unknown}
 p - a potion of heal wounds {unknown}


   Skills:
 + Level 2.8 Fighting
 - Level 2.1 Dodging
 - Level 1.5 Stealth
 - Level 4.1 Spellcasting


You couldn't memorise any spells.
You knew the following spells:

 Your Spells              Type           Power      Damage    Failure   Level
a - Freeze                Ice            100%       1d10      2%          1
b - Foxfire               Conj/Fire      76%        2x1d7     2%          1
c - Scorch                Fire           38%        2d6       3%          2
d - Inner Flame           Hex/Fire       19%        N/A       8%          3
e - Flame Wave            Conj/Fire      19%        2d7       26%         4
f - Kindle Blastsparks    Fire/Tloc/Air  38%        2d13      8%          3
g - Blink                 Tloc           38%        N/A       3%          2
Your spell library was empty.

Dungeon Overview and Level Annotations

Branches:
Dungeon (4/15)
 Temple: D:4-7

Altars:
Cheibriados
Fedhas
Qazlal
Trog

Shops:
D:3 [

Annotations:
D:3 exclusion: downstairs
D:4 Pikel


Innate Abilities, Weirdness & Mutations

You are immune to sickness and miasma.
You are immune to poison.
Your flesh is very heat resistant. (rF++)
You are vulnerable to cold. (rC-)
You float through the air rather than walking.
You learn spells naturally, not from books.
Your magical power is your life essence.
You have superior vitality. (+4 MHP)


Message History

The gnoll closely misses you.
Casting: Foxfire (safe; 2% risk of failure)
Confirm with . or Enter, or press ? or * to list all spells.
You conjure some foxfire!
The gnoll throws a throwing net.
The throwing net barely misses you. The gnoll barely misses you.
The foxfire hits the gnoll but does no damage.
The gnoll is heavily wounded.
The foxfire hits the gnoll but does no damage.
The gnoll is heavily wounded.
The gnoll hits you from afar with a +0 spear.
The gnoll closely misses you.
Casting: Foxfire (safe; 2% risk of failure)
Confirm with . or Enter, or press ? or * to list all spells.
You conjure some foxfire!
The gnoll closely misses you.
The gnoll hits you from afar with a +0 spear.
The foxfire hits the gnoll.
The gnoll is severely wounded.
The foxfire hits the gnoll.
The gnoll is severely wounded.
The gnoll hits you from afar with a +0 spear.
* * * LOW HITPOINT WARNING * * *
The gnoll barely misses you.
Casting: Foxfire (safe; 2% risk of failure)
Confirm with . or Enter, or press ? or * to list all spells.
You conjure some foxfire!
* * * LOW HITPOINT WARNING * * *
The gnoll barely misses you. The gnoll closely misses you.
A gnoll comes into view. It is wielding a +0 flail.
The foxfire hits the gnoll but does no damage.
The gnoll is severely wounded.
The foxfire hits the gnoll.
You kill the gnoll!
Fedhas appreciates your contribution to the ecosystem.
The gnoll hits you from afar with a +0 halberd.
* * * LOW HITPOINT WARNING * * *
You can't go up here!
You feel better.
The gnoll hits you from afar with a +0 halberd!
You die...
Fedhas appreciates your contribution to the ecosystem.

..# #.#
#.......>..........#
..#####.######.....##....
..##.....................
..##..........)..........
..†.....).(..............
..##########............#
..# #..g.......... ..#
#..g..........
..###########..<@........
..##..................##.
####........##........#
#......####....#####
#...^..# #....# #......#
####.# ######## .# .+


You could see 2 gnolls.

Vanquished Creatures
  A lemure (D:3)
  A hound (D:3)
  Jessica (D:2)
  Natasha (D:2)
  A gnoll (D:4)
  4 adders
  2 dart slugs (D:1)
  3 bats
  8 endoplasms
  2 giant cockroaches
  7 goblins
  4 jackals
  4 quokkas
  4 ball pythons
  2 frilled lizards
  3 kobolds
  5 rats
53 creatures vanquished.

Vanquished Creatures (others)
  59 foxfires
59 creatures vanquished.

Grand Total: 112 creatures vanquished

Notes
Turn   | Place    | Note
-------+----------+-------------------------------------------
     0 | D:1      | dolemite99 the Djinni Fire Elementalist began the quest for
                  | the Orb.
     0 | D:1      | dolemite99 set off with the following spells memorised:
                  | Foxfire, Scorch, Kindle Blastsparks, Inner Flame, Flame
                  | Wave.
     0 | D:1      | Reached XP level 1. HP: 15/15 MP: 0/0
   144 | D:1      | Reached XP level 2. HP: 16/21 MP: 0/0
   222 | D:1      | Reached skill level 3 in Spellcasting
   573 | D:1      | You are sucked into a shaft and drop 1 floor!
   615 | D:2      | Reached XP level 3. HP: 23/25 MP: 0/0
   615 | D:2      | Learned a level 1 spell: Freeze
   679 | D:2      | Found a faded altar of an unknown god.
   686 | D:2      | Prayed at the altar of an unknown god.
   686 | D:2      | Became a worshipper of Fedhas Madash
   686 | D:2      | Reached * piety under Fedhas
   903 | D:2      | Noticed Jessica
   908 | D:2      | Killed Jessica
   909 | D:2      | Reached XP level 4. HP: 27/31 MP: 0/0
  1121 | D:2      | Noticed Natasha
  1130 | D:2      | Killed Natasha
  1131 | D:2      | Reached skill level 4 in Spellcasting
  1814 | D:3      | Reached XP level 5. HP: 36/36 MP: 0/0
  1814 | D:3      | Learned a level 2 spell: Blink
  2034 | D:3      | Reached skill level 1 in Fighting
  2173 | D:3      | Found a bloodstained altar of Trog.
  2181 | D:3      | Found a snail-covered altar of Cheibriados.
  2256 | D:3      | Reached ** piety under Fedhas
  2293 | D:3      | Found Luorgh's Antique Armour Shop.
  2453 | D:4      | Found a stormy altar of Qazlal.
  2454 | D:4      | Noticed a lemure
  2456 | D:4      | Noticed a lemure
  2457 | D:4      | Noticed Pikel
  2457 | D:4      | Noticed a lemure
  2475 | D:3      | HP: 1/37 [shot self (5)]
  2483 | D:3      | Killed a lemure
  2976 | D:4      | Slain by a gnoll

Illustrated notes

Levels and vault maps discovered:
D:1:      saegor_arrival_simple_c, layout_loops_ring,
          chequers_serial_rivers_room_b
D:2:      layout_loops_ring, ebering_ecumenical_altar_hall,
          supply_closet_lemuel, uniq_jessica, uniq_natasha
D:3:      layout_loops_cross, amethyst_overflow_temple_binary,
          fiery_altar_vehumet, serial_shops, nicolae_shop_behind_doors
D:4:      layout_rooms, led_xom_imps, grunt_qazlal_sundering, uniq_pikel

Skill      XL: |  1  2  3  4  5 |
---------------+----------------+-----
Spellcasting   | 3 4 |  4.1
Fighting       | 2 |  2.8
Dodging        | |  2.1
Stealth        | |  1.5

Action                     |  1- 3 |  4- 6 || total
---------------------------+-------+-------++-------
  Melee: Long sword        |    22 |       ||    22
         Dagger            |       |     4 ||     4
         Staff             |       |     1 ||     1
   Cast: Foxfire           |    14 |    23 ||    37
         Scorch            |     6 |    20 ||    26
         Freeze            |       |    11 ||    11
         Blink             |       |     3 ||     3
         Kindle Blastspark |       |     1 ||     1
    Use: Potion            |       |     5 ||     5
 Armour: Robe              |    12 |     8 ||    20
  Dodge: Dodged            |    21 |    47 ||    68

Table legend: (Time is in decaauts)
 A = Elapsed time spent in this place.
 B = Non-inter-level travel time spent in this place.
 C = Inter-level travel time spent in this place.
 D = Time resting spent in this place.
 E = Time spent auto-exploring this place.
 F = Levels seen in this place.
 G = Mean time per level.
                   A        B        C        D        E       F      G
               +--------+--------+--------+--------+--------+-----+--------+
         Total |   2984 |   2864 |    120 |    689 |   1555 |   4 |  746.0 |
       Dungeon |   2984 |   2864 |    120 |    689 |   1555 |   4 |  746.0 |
               +--------+--------+--------+--------+--------+-----+--------+

Top non-repeatable levels by time:
     D:2: 1160 daAuts
     D:3: 1087 daAuts
     D:1: 580 daAuts
     D:4: 156 daAuts
